 Dungeon Crawl Stone Soup version 0.19.5 (webtiles) character file.

13559 empire the Fighter (level 11, 0/108 HPs)
             Began as a Green Draconian Monk on Mar 3, 2017.
             Was a Priest of Nemelex Xobeh.
             Slain by a sun demon (12 damage)
             ... summoned by the player character
             ... on level 11 of the Dungeon.
             The game lasted 00:44:47 (13435 turns).

empire the Fighter (Green Draconian Monk)          Turns: 13435, Time: 00:44:49

Health: 0/108      AC: 13    Str: 15    XL:     11   Next: 77%
Magic:  0/16       EV: 18    Int: 10    God:    Nemelex Xobeh [***...]
Gold:   182        SH:  0    Dex: 18    Spells: 6 memorised, 2 levels left

rFire  . . .     SeeInvis +     b - +4 scimitar
rCold  + . .     Gourm    .     (armour unavailable)
rNeg   + . .     Faith    .     (no shield)
rPois  +         Spirit   +     (helmet restricted)
rElec  .         Reflect  .     K - +0 cloak (curse)
rCorr  .         Harm     .     q - +1 pair of gloves
MR     .....                    f - +2 pair of boots
Stlth  +++++.....               e - amulet of guardian spirit
                                R - ring of stealth
                                P - ring of Xom's Flight of Fancy {*Contam rC+ rN+ SInv}

@: short of breath
A: breathe noxious fumes, unfitting armour, beak, agile 1, poison resistance,
robust 1, cold-blooded, AC +7
a: Breathe Noxious Fumes, Triple Draw, Renounce Religion


You were on level 11 of the Dungeon.
You worshipped Nemelex Xobeh.
Nemelex Xobeh was most pleased with you.
You were full.

You visited 2 branches of the dungeon, and saw 12 of its levels.
You also visited: Labyrinth.

You collected 629 gold pieces.
You spent 447 gold pieces at shops.

Inventory:

Hand Weapons
 a - a +1 scimitar of flaming
 b - a +4 scimitar (weapon)
 T - a +1 great sword
Armour
 f - a +2 pair of boots (worn)
 q - a +1 pair of gloves (worn)
 K - a cursed +0 cloak (worn)
Jewellery
 e - an amulet of guardian spirit (around neck)
 w - an uncursed ring of protection from magic
 D - a +3 ring of strength
 I - a +3 ring of intelligence
 N - an uncursed ring of magical power
 O - an uncursed ring of resist corrosion
 P - the ring of Xom's Flight of Fancy (left hand) {*Contam rC+ rN+ SInv}
   (You found it in a labyrinth)

   [ring of see invisible]

   It protects you from cold.
   It protects you from negative energy.
   It lets you see invisible.
   It causes magical contamination when unequipped.
 R - a ring of stealth (right hand)
Wands
 g - a wand of enslavement (24/24)
 h - a wand of confusion (7/48)
 x - a wand of iceblast (3/15)
 G - a wand of confusion (32/48)
 Q - a wand of slowing (26/48)
 X - a wand of confusion (24/48)
 Y - a wand of digging (9/24)
Scrolls
 c - 2 scrolls of recharging
 n - 4 scrolls of remove curse
 r - 2 scrolls of magic mapping
 t - 2 scrolls of identify
 v - a scroll of fog
Potions
 m - a potion of cure mutation
 C - 3 potions of curing
 U - a potion of flight
 V - a potion of berserk rage
 Z - a potion of mutation
Books
 j - a book of Clouds

   Spells                             Type                      Level
   a - Mephitic Cloud                 Conjuration/Poison/Air       3
   b - Conjure Flame                  Conjuration/Fire             3
   c - Poisonous Cloud                Conjuration/Poison/Air       6
   d - Freezing Cloud                 Conjuration/Ice/Air          6
   e - Ring of Flames                 Charms/Fire                  7
Miscellaneous
 i - a lamp of fire
 k - a plain deck of destruction
 o - a box of beasts
 p - a plain deck of destruction
 u - a plain deck of summoning
 y - a plain deck of destruction {drawn: 1}
 A - a plain deck of escape
 E - an ornate deck of summoning {drawn: 1}
 J - a plain deck of summoning {drawn: 5}
 W - a plain deck of escape
Comestibles
 d - 2 beef jerkies
 l - 9 bread rations
 s - 11 slices of pizza
 z - 7 fruits


   Skills:
 + Level 9.7 Fighting
 + Level 9.1 Long Blades
 + Level 8.2 Dodging
 + Level 8.5 Stealth
 + Level 7.4 Invocations
 + Level 6.4 Evocations


You had 2 spell levels left.
You knew the following spells:

 Your Spells              Type           Power        Failure   Level  Hunger
a - Apportation           Tloc           #.........   38%         1    ##.....
b - Confusing Touch       Hex            #.....       38%         1    ##.....
c - Summon Small Mammal   Summ           #...         38%         1    ##.....
d - Corona                Hex            #......      38%         1    ##.....
e - Ensorcelled Hibernat  Hex/Ice        #.....       61%         2    ###....
f - Swiftness             Chrm/Air       #.......     61%         2    ###....


Dungeon Overview and Level Annotations

Branches:
Dungeon (11/15)            Temple (1/1) D:4            Lair (0/6) D:11
    Orc: D:9-12

Altars:
Ashenzari
Cheibriados
Dithmenos
Elyvilon
Fedhas
Gozag
Hepliaklqana
Kikubaaqudgha
Makhleb
Nemelex Xobeh
Okawaru
Qazlal
Ru
Sif Muna
Trog
Uskayaw
Vehumet
Xom
Yredelemnul
Zin
The Shining One

Shops:
D:8 **:(   D:9 :[


Innate Abilities, Weirdness & Mutations

You can breathe blasts of noxious fumes.
Your lurid green scales are hard. (AC +7)
You cannot fit into any form of body armour.
Your system is resistant to poisons. (rPois)
You are cold-blooded and may be slowed by cold attacks.
You have a beak for a mouth.
You are agile. (Dex +2)
You are robust. (+10% HP)


Message History

The bolt disappears in a puff of smoke!
The sun demon closely misses you. The red ugly thing claws you.
You are engulfed in flames!!
* * * LOW HITPOINT WARNING * * *
Unknown command.
Evoke which item? (* to show all) (? for menu, Esc to quit)
Zapping:
x - a wand of iceblast {zapped: 3} (will waste charges)
Press: ? - help, Shift-Dir - straight line, f/p - red ugly thing
Aim: a red ugly thing (moderately wounded) That beam is likely to hit you.
Continue anyway?
Okay, then.
Unknown command.
Unknown command.
As you read the scroll of fear, it crumbles to dust.
You assume a fearsome visage.
The red ugly thing looks frightened!
The orc wizard looks frightened!
Your insubstantial wisp is unaffected.
The sun demon is unaffected.
The sun demon hits you!
You die...
Your body disappears without a glow.

################################*
.#....#..#...........o..).......*
.#....#..'..............(.).....*
[#....#..#..)....ยง..............*
.#....####......@3hc(v).........*
.#..>....#.......u....).........*
.#.......#......................*
.#.......#......................*
.#.......#......................*
)#.......#....##################*
.#.......#...........#......#,,,,
.#(......'...........#...<..#,,,,
.#.......#...........#......#,,,,


You could see a red ugly thing (fleeing), a sun demon, an orc wizard (fleeing),
a friendly yaktaur, a friendly hell hound and a friendly insubstantial wisp.

Vanquished Creatures
  A hydra (D:11)
  Erica (D:8)
  A satyr (D:8)
  2 hill giants
  An ugly thing (D:11)
  The ghost of StylePro the Sneak, a novice SpAs (D:5)
  Psyche (D:8)
  A troll (D:9)
  Grinder (D:5)
  2 two-headed ogres (D:8)
  2 hippogriffs
  A wyvern (D:10)
  4 hogs (D:8)
  6 yaks
  A human (D:8)
  4 basilisks (Lab)
  3 hungry ghosts
  The ghost of Ratty the Conjurer, an amateur DEFE (D:4)
  2 ice beasts
  An orc warrior (D:7)
  3 sky beasts
  A black bear (D:7)
  A phantom (D:7)
  2 ogres
  5 centaurs
  Blork the orc (D:5)
  A big kobold (D:8)
  5 bullfrogs
  12 killer bees
  3 scorpions
  4 wights
  7 crimson imps
  A centaur zombie (D:8)
  3 orc priests
  5 hounds
  4 jellies
  Crazy Yiuf (D:5)
  5 iguanas
  Jessica (D:3)
  A bullfrog skeleton (D:4)
  2 centaur skeletons
  3 orc wizards
  8 worker ants
  A killer bee zombie (D:7)
  A hound skeleton (D:9)
  A howler monkey zombie (D:7)
  A worker ant zombie (D:11)
  Robin (D:3)
  7 gnolls (D:2)
  12 adders
  2 shadow imps
  2 oozes (D:1)
  An adder zombie (D:6)
  2 adder skeletons
  2 worms (D:4)
  4 leopard geckos
  12 orcs
  4 ball pythons
  2 giant cockroaches (D:2)
  12 goblins
  9 hobgoblins
  10 jackals
  9 quokkas
  2 bats
  3 frilled lizards
  A giant cockroach zombie (D:5)
  11 kobolds
  A leopard gecko skeleton (D:4)
  A quokka skeleton (D:7)
  A quokka zombie (D:7)
  14 rats
245 creatures vanquished.

Vanquished Creatures (collateral kills)
  A minotaur (Lab)
  An ugly thing (D:11)
  A cyclops (D:7)
  Maurice (D:8)
  2 yaks (D:9)
  An orc warrior (D:8)
  An orc wizard (D:11)
  2 orcs (D:11)
10 creatures vanquished.

Grand Total: 255 creatures vanquished

Notes
Turn   | Place    | Note
-------+----------+-------------------------------------------
     0 | D:1      | empire the Draconian Monk began the quest for the Orb.
     0 | D:1      | Reached XP level 1. HP: 19/19 MP: 1/1
   111 | D:1      | Reached XP level 2. HP: 26/26 MP: 2/2
   476 | D:1      | Reached XP level 3. HP: 33/33 MP: 3/3
   871 | D:2      | Reached XP level 4. HP: 25/40 MP: 4/4
  1368 | D:2      | Reached XP level 5. HP: 11/46 MP: 5/5
  1907 | D:3      | Noticed Robin
  1930 | D:4      | Found a staircase to the Ecumenical Temple.
  1976 | D:4      | Noticed Ratty's ghost (amateur DEFE)
  1990 | Temple   | Entered the Ecumenical Temple
  2342 | D:4      | Killed Ratty's ghost
  2342 | D:4      | Reached XP level 6. HP: 55/55 MP: 6/6
  2585 | D:3      | Reached skill level 5 in Fighting
  2600 | D:3      | Killed Robin
  3047 | D:3      | Found an opulent altar of Gozag.
  3209 | D:3      | Noticed Jessica
  3218 | D:3      | Killed Jessica
  3808 | D:4      | Your scales start taking on a lurid green colour.
  3808 | D:4      | Reached XP level 7. HP: 61/61 MP: 7/7
  3808 | D:4      | Gained mutation: Your system is resistant to poisons. (rPois) [Green Draconian growth]
  3961 | D:5      | Entered Level 5 of the Dungeon
  3962 | D:5      | Noticed StylePro's ghost (novice SpAs)
  3994 | D:5      | Killed StylePro's ghost
  3994 | D:5      | Reached skill level 5 in Long Blades
  4046 | D:5      | Noticed Blork the orc
  4060 | D:5      | Killed Blork the orc
  4154 | D:5      | Reached skill level 5 in Dodging
  4286 | D:5      | Reached XP level 8. HP: 70/70 MP: 8/8
  4356 | D:5      | Found a runed door.
  4422 | D:5      | Found a burning altar of Makhleb.
  4609 | D:5      | Noticed Grinder
  4621 | D:5      | Killed Grinder
  4621 | D:5      | Reached skill level 5 in Stealth
  4708 | D:5      | Noticed Crazy Yiuf
  4720 | D:5      | Killed Crazy Yiuf
  4941 | D:6      | Gained mutation: You are agile. (Dex +2) [mutagenic meat]
  4942 | D:6      | Gained mutation: You are robust. (+10% HP) [mutagenic meat]
  5148 | D:6      | Found a sparkling altar of Nemelex Xobeh.
  5149 | D:6      | Found a shadowy altar of Dithmenos.
  5149 | D:6      | Found a blossoming altar of Fedhas.
  5150 | D:6      | Found a shattered altar of Ashenzari.
  5160 | D:6      | Became a worshipper of Nemelex Xobeh the Trickster
  5160 | D:6      | Received a gift from Nemelex Xobeh
  5160 | D:6      | Reached * piety under Nemelex Xobeh
  5160 | D:6      | Received a gift from Nemelex Xobeh
  5160 | D:6      | Received a gift from Nemelex Xobeh
  5160 | D:6      | Reached ** piety under Nemelex Xobeh
  5241 | D:6      | Reached skill level 1 in Invocations
  5246 | D:6      | Reached skill level 1 in Evocations
  5295 | D:6      | Received a gift from Nemelex Xobeh
  5573 | D:7      | Noticed a hippogriff
  5595 | D:7      | Killed a hippogriff
  5595 | D:7      | Reached XP level 9. HP: 39/85 MP: 10/10
  6084 | D:7      | Received a gift from Nemelex Xobeh
  6581 | D:8      | Noticed a cyclops
  6583 | D:8      | Noticed Erica
  6747 | D:7      | HP: 4/86 [cyclops (27)]
  6755 | D:7      | Killed a cyclops
  7103 | D:8      | Killed Erica
  7514 | D:8      | Reached XP level 10. HP: 61/96 MP: 13/13
  7557 | D:8      | Found Awegiss's General Store.
  7573 | D:8      | Bought a scroll of teleportation for 39 gold pieces
  7573 | D:8      | Bought a scroll of identify for 26 gold pieces
  7573 | D:8      | Bought a +0 great sword for 84 gold pieces
  7584 | D:8      | Noticed a green ugly thing
  7585 | D:8      | Noticed Maurice
  7620 | D:8      | Killed Maurice
  7620 | D:8      | Reached skill level 5 in Invocations
  7650 | D:8      | Noticed a satyr
  7650 | D:8      | a red ugly thing changed into a satyr
  7651 | D:8      | Killed a satyr
  8076 | D:8      | Found Guer's Weapon Shop.
  8407 | D:8      | Found Rewyog's General Store.
  8407 | D:8      | Received a gift from Nemelex Xobeh
  8414 | D:8      | Bought a wand of confusion (24/48) for 253 gold pieces
  8414 | D:8      | Bought a scroll of magic mapping for 45 gold pieces
  8428 | D:8      | Found Pesonede's Book Shop.
  8447 | D:8      | Noticed Psyche
  8461 | D:8      | Killed Psyche
  8474 | D:8      | Gained mutation: You have a beak for a mouth. [potion of beneficial mutation]
  9027 | Temple   | Learned a level 1 spell: Apportation
  9029 | Temple   | Learned a level 1 spell: Confusing Touch
  9031 | Temple   | Learned a level 1 spell: Summon Small Mammal
  9135 | D:7      | Reached skill level 5 in Evocations
  9725 | D:9      | Found Awikh's Book Boutique.
  9831 | D:9      | Reached *** piety under Nemelex Xobeh
  9840 | D:9      | Reached XP level 11. HP: 64/104 MP: 15/15
 10137 | D:9      | Found Suis's Armour Boutique.
 10463 | D:9      | Received a gift from Nemelex Xobeh
 10841 | D:10     | Entered Level 10 of the Dungeon
 11307 | D:10     | Noticed a hill giant
 11317 | D:10     | Killed a hill giant
 11671 | D:11     | Found a staircase to the Lair.
 11671 | D:11     | Noticed a cyan ugly thing
 11680 | D:11     | Killed a cyan ugly thing
 11686 | D:11     | Received a gift from Nemelex Xobeh
 11688 | D:11     | Noticed a six-headed hydra
 11697 | D:11     | Killed a three-headed hydra
 11778 | D:11     | Found a labyrinth entrance.
 11784 | Lab      | Entered a labyrinth
 12301 | Lab      | Noticed a minotaur
 12325 | Lab      | Killed a minotaur
 12333 | Lab      | Identified the Handbook of Poison and Aid
 12334 | Lab      | Got a coiled iron ring
 12641 | Temple   | Learned a level 1 spell: Corona
 12644 | Temple   | Learned a level 2 spell: Ensorcelled Hibernation
 12647 | Temple   | Learned a level 2 spell: Swiftness
 12658 | Temple   | Identified the ring of Xom's Flight of Fancy {*Contam rC+ rN+ SInv} (You found it in a labyrinth)
 12944 | D:11     | Noticed a hill giant
 12955 | D:11     | Killed a hill giant
 13080 | D:11     | Noticed a white ugly thing
 13095 | D:11     | Killed a white ugly thing
 13404 | D:11     | Received a gift from Nemelex Xobeh
 13408 | D:11     | Noticed a red ugly thing
 13423 | D:11     | Noticed a sun demon
 13435 | D:11     | Slain by a sun demon

Skill      XL: |  1  2  3  4  5  6  7  8  9 10 11 |
---------------+----------------------------------+-----
Stealth        | 2 3 4 6 7 8 |  8.5
Dodging        | 3 4 5 6 7 8 |  8.2
Fighting       | 4 5 6 7 8 9 |  9.7
Long Blades    | 4 5 6 7 8 9 |  9.1
Invocations    | 2 4 6 7 |  7.4
Evocations     | 1 3 5 6 |  6.4

Action                   |  1- 3 |  4- 6 |  7- 9 | 10-12 || total
-------------------------+-------+-------+-------+-------++-------
Melee: Falchion          |   109 |   145 |   239 |       ||   493
       Tailslap          |    19 |    28 |    64 |    80 ||   191
       Flail             |       |    34 |       |       ||    34
       Scimitar          |       |       |    69 |   372 ||   441
       Peck              |       |       |       |    77 ||    77
 Abil: Breathe Noxious F |       |       |     4 |     6 ||    10
Evoke: Deck              |       |       |     3 |    16 ||    19
       Wand              |       |       |       |    12 ||    12
  Use: Scroll            |       |    10 |     6 |    13 ||    29
       Potion            |       |     3 |     3 |     4 ||    10
 Stab: Sleeping          |       |     6 |    10 |    17 ||    33
       Distracted        |       |       |     2 |     1 ||     3
       Confused          |       |       |     3 |       ||     3
       Invisible         |       |       |       |     6 ||     6
  Eat: Chunk             |       |    10 |    16 |    13 ||    39
       Fruit             |       |       |       |     7 ||     7
       Meat ration       |       |       |       |     2 ||     2
Armor: Skin              |    37 |    72 |   135 |   124 ||   368
Dodge: Dodged            |    86 |   138 |   242 |   332 ||   798
       Rpst.: Falchion   |    33 |    34 |    56 |       ||   123
       Scimitar          |       |       |    15 |    99 ||   114
